 Dungeon Crawl Stone Soup version 0.32-a0-391-gce5c0aab1b (webtiles) character file.

Game seed: 1407873185520753872

51 n00bmints the Cudgeller (level 3, -6/3 HPs)
             Began as a Minotaur Berserker on Feb 19, 2024.
             Was a Follower of Trog.
             Mangled by a ribbon worm (9 damage)
             ... on level 2 of the Dungeon.
             The game lasted 00:01:21 (972 turns).

n00bmints the Cudgeller (Minotaur Berserker)         Turns: 972, Time: 00:01:21

Health: -6/3       AC:  0    Str: 23    XL:     3   Next: 57%
Magic:  2/2        EV: 12    Int:  4    God:    Trog [*.....]
Gold:   57         SH:  0    Dex:  9    Spells: 2/2 levels left

rFire   . . .        a - +0 mace
rCold   . . .        (no shield)
rNeg    . . .        b - melded +0 animal skin
rPois   .            (helmet restricted)
rElec   .            (no cloak)
rCorr   .            (no gloves)
SInv    .            (no boots)
Will    .....        (no amulet)
Stlth   +            (no ring)
HPRegen 0.20/turn    (no ring)
MPRegen 0.08/turn

%: no passive effects
@: maw-form
A: devouring maw, reduced hp, horns 2, retaliatory headbutt
a: Begin Untransformation, Renounce Religion, Berserk


You were on level 2 of the Dungeon.
You worshipped Trog.
Trog was aware of your devotion.
You were a creature with a mouth for a stomach.
You visited 1 branch of the dungeon, and saw 2 of its levels.

You collected 57 gold pieces.

Inventory:

Hand Weapons
 a - a +0 mace (weapon)
Armour
 b - a +0 animal skin (melded)
Talismans
 h - a maw talisman (active)
Scrolls
 g - a scroll of identify {unknown}
 i - a scroll of enchant armour {unknown}
Potions
 c - a potion of resistance {unknown}
 d - 2 potions of curing {unknown}
 e - a potion of degeneration {unknown}
 f - a potion of might {unknown}


   Skills:
 + Level 4.2 Fighting
 + Level 4.5 Maces & Flails
 + Level 2.8 Armour
 + Level 2.7 Dodging


You had 2 spell levels left.
You didn't know any spells.
Your spell library was empty.

Dungeon Overview and Level Annotations

Branches:
Dungeon (2/15)

Altars:


Innate Abilities, Weirdness & Mutations

You are a creature with a mouth for a stomach.
Your midsection houses a second, enormous mouth.
Your maximum health is decreased, since you lack skill for your form.
You have a pair of horns on your head.
You reflexively headbutt those who attack you in melee.


Message History

You see here a scroll labelled QAURAU JIUTZIU.
A ribbon worm is nearby!
The helpless ribbon worm fails to defend itself.
You thump the ribbon worm!
You headbutt the ribbon worm, but do no damage.
Your bite misses the ribbon worm.
The ribbon worm is heavily wounded.
The ribbon worm bites you.
You sock the ribbon worm!
You kill the ribbon worm!
Trog accepts your kill.
No target in view!
No target in view!
HP restored.
i - a scroll labelled QAURAU JIUTZIU You see here a ribbon worm corpse.
A giant cockroach comes into view.
A giant cockroach is nearby!
Found a scroll labelled ROSEUR VYAVYURPHUA.
You closely miss the giant cockroach. You headbutt the giant cockroach.
You devour the giant cockroach!
You feel better.
You kill the giant cockroach!
Trog accepts your kill.
No target in view!
No target in view!
Found a scale mail.
A bat and a ribbon worm come into view.
Found 11 gold pieces.
The bat hits you.
You hit the bat.
You devour the bat!
You feel better.
You kill the bat!
Trog accepts your kill.
The ribbon worm expels a string of sticky webbing.
The stream of webbing misses you.
A goblin comes into view. It is wielding a +0 club.
There are monsters nearby!
There are monsters nearby!
There are monsters nearby!
The ribbon worm bites you!
Ouch! That really hurt!
You die...

.#..... . ....... .
#.#..$#. #.....#
##.....## ##...[...##
#.....?w..#
#.....W.####..
##............
##.....###... ###
##.#..# .
##†##########..# #
#.#............###....
##<#########..........
#.# #..####...# #.#
#..# .#


You could see a ribbon worm.

Vanquished Creatures
  A ribbon worm (D:2)
  An endoplasm (D:1)
  4 giant cockroaches
  A goblin (D:1)
  7 hobgoblins (D:1)
  3 quokkas (D:1)
  4 ball pythons (D:1)
  A bat (D:2)
  2 frilled lizards (D:1)
  2 rats (D:1)
26 creatures vanquished.

Notes
Turn   | Place    | Note
-------+----------+-------------------------------------------
     0 | D:1      | n00bmints the Minotaur Berserker began the quest for the
                  | Orb.
     0 | D:1      | Reached XP level 1. HP: 19/19 MP: 0/0
   159 | D:1      | Reached XP level 2. HP: 24/27 MP: 1/1
   497 | D:1      | Reached XP level 3. HP: 33/33 MP: 2/2
   972 | D:2      | Mangled by a ribbon worm

Illustrated notes

Levels and vault maps discovered:
D:1:      elethiomel_arrival_maze, layout_loops_ring, minmay_small_reverse_x
D:2:      layout_loops_ring

Skill      XL: |  1  2 |
---------------+-------+-----
Maces & Flails | 4 |  4.5
Fighting       | 4 |  4.2
Armour         | |  2.8
Dodging        | |  2.7

Action                     || total
---------------------------++-------
  Melee: Mace              ||    43
         Headbutt          ||     6
 Invoke: Berserk           ||     1
   Stab: Sleeping          ||     1
 Armour: Animal skin       ||    21
         Skin              ||     3
  Dodge: Dodged            ||    34
   Form: Maw               ||     1

Table legend: (Time is in decaauts)
 A = Elapsed time spent in this place.
 B = Non-inter-level travel time spent in this place.
 C = Inter-level travel time spent in this place.
 D = Time resting spent in this place.
 E = Time spent auto-exploring this place.
 F = Levels seen in this place.
 G = Mean time per level.
                   A        B        C        D        E       F      G
               +--------+--------+--------+--------+--------+-----+--------+
         Total |    992 |    920 |     72 |      0 |    722 |   2 |  496.0 |
       Dungeon |    992 |    920 |     72 |      0 |    722 |   2 |  496.0 |
               +--------+--------+--------+--------+--------+-----+--------+

Top non-repeatable levels by time:
     D:1: 964 daAuts
     D:2: 27 daAuts
